 Dungeon Crawl Stone Soup version 0.26-a0-958-gf3041fb45f (webtiles) character file.

Game seed: 9038359082489102503

86 PentaManta the Sneak (level 4, 0/21 HPs)
             Began as a Spriggan Enchanter on Nov 30, 2020.
             Slain by a gnoll (2 damage)
             ... on level 2 of the Dungeon.
             The game lasted 00:03:25 (2040 turns).

PentaManta the Sneak (Spriggan Enchanter)           Turns: 2040, Time: 00:03:25

Health: 0/21       AC:  2    Str:  4    XL:     4   Next: 27%
Magic:  4/9        EV: 18    Int: 16    God:
Gold:   31         SH:  0    Dex: 17    Spells: 5/8 levels left

rFire    . . .     SeeInvis +   a - +1 dagger
rCold    . . .     Faith    .   (shield restricted)
rNeg     . . .     Spirit   .   b - +0 robe
rPois    .         Reflect  .   (helmet restricted)
rElec    .         Harm     .   (no cloak)
rCorr    .         Rampage  .   (gloves unavailable)
MR       .....                  (boots unavailable)
Stlth    +++.......             (no amulet)
HPRegen  0.07/turn              (no ring)
MPRegen  0.11/turn              (no ring)

@: very quick
A: very small, unfitting armour, see invisible, speed 3
a: no special abilities


You were on level 2 of the Dungeon.
You visited 1 branch of the dungeon, and saw 2 of its levels.

You collected 31 gold pieces.

Inventory:

Hand Weapons
 a - a +1 dagger (weapon)
 j - a +4 hunting sling of flaming
Armour
 b - a +0 robe (worn)
Jewellery
 c - an uncursed ring of ice
 i - an uncursed amulet of faith
Scrolls
 d - 3 scrolls of identify {unknown}
 e - a scroll of remove curse {unknown}
 f - 2 scrolls of enchant weapon {unknown}
Potions
 g - a potion of degeneration {unknown}
 h - a potion of mutation {unknown}
 k - a potion of curing {unknown}


   Skills:
 - Level 1.1 Short Blades
 - Level 3.0 Dodging
 + Level 5.7 Stealth
 - Level 2.6 Spellcasting
 * Level 5.5 Hexes


You had 5 spell levels left.
You knew the following spells:

 Your Spells              Type           Power        Failure   Level
a - Corona                Hex            ###....      1%          1
b - Ensorcelled Hibernat  Hex/Ice        ##....       10%         2

Your spell library contained the following spells:

 Spells                   Type           Power        Failure   Level
 Confusing Touch          Hex            ###.....     6%          3
 Tukima's Dance           Hex            ###.....     6%          3
 Dazzling Flash           Conj/Hex       ##....       19%         3


Dungeon Overview and Level Annotations

Branches:
Dungeon (2/15)

Altars:
Okawaru
Xom

Annotations:
D:2 Natasha


Innate Abilities, Weirdness & Mutations

You are very small and have problems with some larger weapons.
You are too small for most types of armour.
You have supernaturally acute eyesight. (SInv)
You cover ground extremely quickly.


Message History

Aim: a gnoll (chance to defeat MR: 50%)
The gnoll resists with some effort.
The gnoll barely misses you.
You barely miss the gnoll. The gnoll hits you.
You hit the gnoll.
The gnoll is lightly wounded.
The gnoll barely misses you. The gnoll hits you.
Your magical contamination has completely faded away.
The gnoll closely misses you. The gnoll barely misses you.
The gnoll completely misses you. The gnoll hits you.
* * * LOW HITPOINT WARNING * * *
The gnoll barely misses you. The gnoll completely misses you.
The gnoll misses you. The gnoll hits you.
* * * LOW HITPOINT WARNING * * *
The gnoll hits you.
You die...

#'# #.# #=# ._. # ### #.
### ### #.#######.....
#....@gg...... #
###..##g..######
#.####.####.## ##.##
###.........#.# ##...######
........###.#.# #..........
.##.........#.###....<.###.
#..##.............##.# #.
................#.# #.# #.
.###.######....## #.# #.


You could see 3 gnolls.

Vanquished Creatures
  Natasha (D:2)
  An adder (D:2)
  2 oozes (D:1)
  4 dart slugs
  8 bats
  2 giant cockroaches (D:1)
  2 goblins (D:1)
  6 hobgoblins (D:1)
  4 jackals (D:1)
  A frilled lizard (D:1)
  A kobold (D:1)
  3 rats (D:1)
35 creatures vanquished.

Notes
Turn   | Place    | Note
-------+----------+-------------------------------------------
     0 | D:1      | PentaManta the Spriggan Enchanter began the quest for the
                  | Orb.
     0 | D:1      | Reached XP level 1. HP: 9/9 MP: 5/5
    76 | D:1      | Reached XP level 2. HP: 10/13 MP: 6/6
    79 | D:1      | Learned a level 2 spell: Ensorcelled Hibernation
   492 | D:1      | Reached skill level 5 in Stealth
   618 | D:1      | Reached XP level 3. HP: 16/16 MP: 8/8
   914 | D:1      | Found a shimmering altar of Xom.
  1222 | D:1      | Reached skill level 5 in Hexes
  1899 | D:2      | Noticed Natasha
  1906 | D:2      | Killed Natasha
  1907 | D:2      | Reached XP level 4. HP: 21/21 MP: 2/9
  2018 | D:2      | Found an iron altar of Okawaru.
  2018 | D:2      | Noticed Natasha
  2040 | D:2      | Slain by a gnoll

Illustrated notes

Levels and vault maps discovered:
D:1:      lemuel_arrival_river_ford, layout_basic, serial_glass,
          glass_columns_b, glass_columns_a, glass_columns_c, glass_columns_c,
          minivault_27, xom_teletrap_fun
D:2:      layout_loops_corners, lemuel_doored_altar, uniq_sigmund, uniq_terence,
          uniq_natasha

Skill      XL: |  1  2  3 |
---------------+----------+-----
Hexes          | 4 5 |  5.5
Stealth        | 5 |  5.7
Short Blades   | |  1.1
Dodging        | |  3.0
Spellcasting   | |  2.6

Action                   |  1- 3 |  4- 6 || total
-------------------------+-------+-------++-------
Melee: Dagger            |   169 |    19 ||   188
 Cast: Ensorcelled Hiber |    17 |     2 ||    19
 Stab: Sleeping          |    18 |       ||    18
Armor: Robe              |    15 |     5 ||    20
Dodge: Dodged            |   152 |    35 ||   187

Table legend: (Time is in decaauts)
 A = Elapsed time spent in this place.
 B = Non-inter-level travel time spent in this place.
 C = Inter-level travel time spent in this place.
 D = Time resting spent in this place.
 E = Time spent auto-exploring this place.
 F = Levels seen in this place.
 G = Mean time per level.
                   A        B        C        D        E       F      G
               +--------+--------+--------+--------+--------+-----+--------+
         Total |   1657 |   1646 |     11 |     16 |   1288 |   2 |  828.5 |
       Dungeon |   1657 |   1646 |     11 |     16 |   1288 |   2 |  828.5 |
               +--------+--------+--------+--------+--------+-----+--------+

Top non-repeatable levels by time:
     D:1: 1468 daAuts
     D:2: 188 daAuts
